 Dungeon Crawl Stone Soup version 0.19.5 (webtiles) character file.

11226 JeffiDaFish the Basher (level 11, -9/69 HPs)
             Began as a Gargoyle Fighter on Apr 1, 2017.
             Was a High Priest of Okawaru.
             Mangled by a white very ugly thing (22 damage)
             ... on level 10 of the Dungeon.
             The game lasted 00:21:56 (10293 turns).

JeffiDaFish the Basher (Gargoyle Fighter)          Turns: 10293, Time: 00:21:56

Health: -9/69      AC: 31    Str: 19    XL:     11   Next: 74%
Magic:  5/11       EV:  6    Int: 10    God:    Okawaru [*****.]
Gold:   839        SH: 12    Dex: 12    Spells: 0 memorised, 10 levels left

rFire  . . .     SeeInvis +     a - +2 flail (elec)
rCold  + . .     Gourm    .     s - +3 plate armour {rC+}
rNeg   + . .     Faith    .     c - +0 shield
rPois  ∞         Spirit   .     g - +1 helmet
rElec  +         Reflect  .     w - +1 cloak
rCorr  .         Harm     .     o - +2 pair of gloves
MR     .....                    (no boots)
Stlth  ..........               (no amulet)
                                D - ring of see invisible
                                e - +3 ring of slaying

@: no status effects
A: camouflage 1, negative energy resistance 1, electricity resistance,
unbreathing, petrification resistance, rot immunity, AC +7
a: Heroism, Finesse, Renounce Religion


You were on level 10 of the Dungeon.
You worshipped Okawaru.
Okawaru was extremely pleased with you.
You were hungry.

You visited 1 branch of the dungeon, and saw 10 of its levels.
You also visited: Ossuary and Bailey.

You collected 839 gold pieces.

Inventory:

Hand Weapons
 a - a +2 flail of electrocution (weapon)
 F - a +1 flail of venom
Armour
 c - a +0 shield (worn)
 g - a +1 helmet (worn)
 o - a +2 pair of gloves (worn)
 s - a +3 plate armour of cold resistance (worn)
 w - a +1 cloak (worn)
Rods
 b - a +1 lightning rod (13/13)
   (You took it off a centaur on level 7 of the Dungeon)
Jewellery
 e - a +3 ring of slaying (left hand)
 u - an uncursed ring of flight
 D - a ring of see invisible (right hand)
Wands
 q - a wand of heal wounds (7/9)
Scrolls
 m - a scroll of fog
 r - 2 scrolls of identify
 t - 6 scrolls of remove curse
 y - a scroll of brand weapon
Potions
 j - a potion of agility
 k - 4 potions of curing
 l - 2 potions of brilliance
 p - a potion of ambrosia
 x - a potion of invisibility
 z - a potion of magic
 A - 3 potions of heal wounds
 C - 2 potions of might
 E - a potion of lignification {unknown}
Comestibles
 d - 3 beef jerkies
 f - 8 bread rations
 h - 10 meat rations
 i - 24 fruits
 n - 7 slices of pizza
 v - 6 chunks of flesh
 B - 2 royal jellies


   Skills:
 + Level 8.3 Fighting
 + Level 11.8 Maces & Flails
 + Level 7.8 Armour
 + Level 2.1 Dodging
 + Level 1.0 Stealth
 + Level 11.2 Shields


You had 10 spell levels left.
You didn't know any spells.

Dungeon Overview and Level Annotations

Branches:
Dungeon (10/15)            Temple (0/1) D:7             Orc (0/2) D:9
   Lair: D:8-11

Altars:
Hepliaklqana
Okawaru
Ru
Uskayaw
Vehumet
Yredelemnul

Shops:
D:5 (

Annotations:
D:6 2 runed doors
D:8 exclusion: orange crystal statue


Innate Abilities, Weirdness & Mutations

You are resistant to torment.
Your stone body is resilient. (AC +7)
You are immune to poison.
You resist negative energy. (rN+)
You are resistant to electric shocks. (rElec)
You can survive without breathing.
You are immune to petrification.
You are immune to rotting.
Your skin changes colour to match your surroundings (Stealth+).


Message History

The white very ugly thing tail-slaps you!
The white very ugly thing freezes you! You resist.
* * * LOW HITPOINT WARNING * * *
You block the yaktaur's attack.
You block the white very ugly thing's attack.
There is an open door, spattered with blood here.
Things that are here:
a +0 troll leather armour; a troll skeleton A redback comes into view.
A ghost crab comes into view.
There is a stone staircase leading down here.
You can't go up here!
You block the white very ugly thing's attack.
You climb downwards.
Found 2 potions of degeneration.
There is a stone staircase leading up here.
The white very ugly thing tail-slaps you.
* * * LOW HITPOINT WARNING * * *
The white very ugly thing freezes you!! You resist.
You die...

#######+##
.......@.#
.......u.+
.........#
...!.....#
.........#
##+#######


You could see a white very ugly thing.

Vanquished Creatures
  A hydra (D:8)
  Erica (D:9)
  2 cyclopes
  A manticore (D:6)
  Joseph (D:7)
  A troll (D:9)
  2 dream sheep (D:8)
  A hippogriff (D:9)
  2 yaks (D:8)
  Eustachio (D:6)
  A hungry ghost (D:8)
  A warg (D:9)
  A water moccasin (D:6)
  8 orc warriors
  3 ice beasts
  A sky beast (D:9)
  Purgy (D:4)
  A phantom (D:8)
  A necrophage (D:9)
  3 ogres
  5 centaurs
  3 big kobolds (D:8)
  4 elf zombies (Ossuary)
  8 gnoll sergeants (Bailey)
  6 bullfrogs
  A water moccasin skeleton (D:8)
  A scorpion (D:8)
  4 wights (D:8)
  20 killer bees
  3 howler monkeys
  A crimson imp (D:8)
  A quasit (D:7)
  4 centaur zombies
  2 hounds (Bailey)
  5 human zombies (Ossuary)
  3 jellies
  7 orc priests
  A bullfrog zombie (D:8)
  2 bullfrog skeletons
  7 gnoll shamans
  10 orc wizards
  Crazy Yiuf (D:7)
  A centaur skeleton (D:9)
  5 iguanas
  Natasha (D:3)
  8 worker ants
  A hound zombie (D:8)
  A hound skeleton (D:7)
  3 mummies (Ossuary)
  Robin (D:2)
  31 gnolls
  15 adders
  3 shadow imps
  3 adder zombies
  2 adder skeletons
  A worm (D:2)
  A dart slug (D:4)
  3 leopard geckos
  29 orcs
  4 giant cockroaches
  7 hobgoblins
  7 jackals
  7 kobolds
  3 quokkas
  3 ball pythons
  10 bats
  5 frilled lizards
  18 goblins
  A jackal zombie (D:5)
  7 rats
314 creatures vanquished.

Vanquished Creatures (others)
  A goblin (D:2)
  A quokka (D:9)
2 creatures vanquished.

Grand Total: 316 creatures vanquished

Notes
Turn   | Place    | Note
-------+----------+-------------------------------------------
     0 | D:1      | JeffiDaFish the Gargoyle Fighter began the quest for the Orb.
     0 | D:1      | Reached XP level 1. HP: 14/14 MP: 1/1
   180 | D:1      | Reached XP level 2. HP: 19/19 MP: 2/2
   797 | D:1      | Reached XP level 3. HP: 23/23 MP: 3/3
  1179 | D:2      | Noticed Robin
  1196 | D:2      | Killed Robin
  1196 | D:2      | Reached XP level 4. HP: 27/29 MP: 4/4
  1490 | D:2      | Reached XP level 5. HP: 33/33 MP: 5/5
  2010 | D:3      | Found a basalt altar of Yredelemnul.
  2076 | D:3      | Gained mutation: Your flesh is heat resistant. (rF+) [potion of mutation]
  2076 | D:3      | Gained mutation: Your skin changes colour to match your surroundings (Stealth+). [potion of mutation]
  2076 | D:3      | Gained mutation: You regenerate slowly when monsters are visible. [potion of mutation]
  2353 | D:3      | Noticed Natasha
  2358 | D:3      | Killed Natasha
  2468 | D:4      | Noticed Purgy
  2487 | D:4      | Killed Purgy
  2487 | D:4      | Reached XP level 6. HP: 20/39 MP: 6/6
  2693 | D:4      | Reached skill level 5 in Shields
  3009 | D:4      | Found a radiant altar of Vehumet.
  3164 | D:5      | Entered Level 5 of the Dungeon
  3225 | D:5      | Reached XP level 7. HP: 28/44 MP: 7/7
  3370 | D:5      | Reached skill level 5 in Maces & Flails
  3421 | D:5      | Reached skill level 5 in Fighting
  3421 | D:5      | Reached skill level 1 in Stealth
  3757 | D:5      | Found Wusesh's Antique Weapon Shoppe.
  3866 | D:5      | Found a sacrificial altar of Ru.
  3922 | D:5      | Found a hazy altar of Hepliaklqana.
  3959 | D:5      | Reached XP level 8. HP: 48/49 MP: 8/8
  4031 | D:6      | Noticed Eustachio
  4055 | D:6      | Killed Eustachio
  4055 | D:6      | Reached skill level 1 in Dodging
  4781 | D:6      | Found a large runed door.
  4781 | D:6      | Found a large runed door.
  4818 | D:6      | Found a large runed door.
  4818 | D:6      | Found a large runed door.
  4928 | D:6      | Reached skill level 5 in Armour
  5056 | D:6      | Found an iron altar of Okawaru.
  5060 | D:6      | Became a worshipper of Warmaster Okawaru
  5079 | D:6      | Reached XP level 9. HP: 51/55 MP: 9/9
  5281 | D:6      | Noticed a manticore
  5295 | D:6      | Killed a manticore
  5633 | D:7      | Reached * piety under Okawaru
  5709 | D:7      | Found a flagged portal.
  5718 | Bailey   | Entered a bailey
  6151 | Bailey   | Reached ** piety under Okawaru
  6510 | Bailey   | Reached XP level 10. HP: 51/61 MP: 10/10
  6751 | D:7      | Found a staircase to the Ecumenical Temple.
  6976 | D:7      | Noticed Joseph
  6995 | D:7      | Killed Joseph
  7286 | D:7      | Reached *** piety under Okawaru
  7901 | D:7      | Reached skill level 10 in Shields
  7998 | D:7      | Found a runed door.
  8002 | D:7      | Noticed Crazy Yiuf
  8011 | D:7      | Killed Crazy Yiuf
  8104 | D:8      | Found a sand-covered staircase.
  8108 | Ossuary  | Entered an ossuary
  8201 | Ossuary  | Lost mutation: You regenerate slowly when monsters are visible. [potion of cure mutation]
  8201 | Ossuary  | Lost mutation: Your flesh is heat resistant. (rF+) [potion of cure mutation]
  8278 | Ossuary  | Reached skill level 10 in Maces & Flails
  8398 | D:8      | Noticed an orange crystal statue
  8472 | D:8      | Reached **** piety under Okawaru
  8604 | D:8      | Noticed an enchanted hand axe
  8604 | D:8      | Noticed a hand axe
  8614 | D:8      | Found a hide-covered altar of Uskayaw.
  8686 | D:8      | Noticed a cyclops
  8696 | D:8      | Killed a cyclops
  8696 | D:8      | Reached XP level 11. HP: 37/67 MP: 11/11
  8998 | D:8      | Reached ***** piety under Okawaru
  9028 | D:8      | Noticed a two-headed hydra
  9038 | D:8      | Killed a two-headed hydra
  9044 | D:8      | Identified the +3 halberd of Somewhere Else {chop, rF+} (You found it on level 8 of the Dungeon)
  9619 | D:9      | Identified a scroll of acquirement
  9620 | D:9      | Got a pair of faintly glowing gloves
  9631 | D:9      | Identified the +0 pair of gloves "Xaridur" {+Fly rF+++ Int-3 Stlth-} (You acquired it on level 9 of the Dungeon)
  9706 | D:9      | Noticed Erica
  9714 | D:9      | Killed Erica
  9714 | D:9      | Received a gift from Okawaru
  9767 | D:9      | Found a staircase to the Orcish Mines.
 10223 | D:9      | Noticed a cyclops
 10240 | D:9      | Killed a cyclops
 10253 | D:9      | Noticed a white very ugly thing
 10271 | D:9      | HP: 1/69 [white very ugly thing (12)]
 10284 | D:9      | Noticed a ghost crab
 10292 | D:10     | Entered Level 10 of the Dungeon
 10293 | D:10     | Mangled by a white very ugly thing

Skill      XL: |  1  2  3  4  5  6  7  8  9 10 11 |
---------------+----------------------------------+-----
Shields        | 4 5 7 8 10 11 | 11.2
Maces & Flails | 3 4 6 7 8 10 11 | 11.8
Fighting       | 4 5 6 7 8 |  8.3
Armour         | 4 5 6 7 |  7.8
Stealth        | 1 |  1.0
Dodging        | 1 2 |  2.1

Action                   |  1- 3 |  4- 6 |  7- 9 | 10-12 || total
-------------------------+-------+-------+-------+-------++-------
Melee: Flail             |   100 |   197 |   465 |   621 ||  1383
  Use: Potion            |     2 |     6 |     7 |     4 ||    19
       Scroll            |     2 |     4 |     6 |    13 ||    25
  Eat: Chunk             |     1 |     7 |    11 |    13 ||    32
Armor: Scale mail        |    28 |       |       |       ||    28
       Chain mail        |    22 |   129 |   148 |       ||   299
       Plate armour      |       |       |   376 |   392 ||   768
Dodge: Dodged            |    36 |    46 |   164 |   135 ||   381
Block: Shield            |    62 |   115 |   425 |   402 ||  1004
